 Dungeon Crawl Stone Soup version 0.18-a0-1692-g516f9e9 (webtiles) character file.

46 Demise101 the Chopper (level 3, -4/31 HPs)
             Began as a Minotaur Warper on Apr 5, 2016.
             Was an Initiate of Okawaru.
             Slain by a worker ant (5 damage)
             ... on level 4 of the Dungeon.
             The game lasted 00:06:44 (2014 turns).

Demise101 the Chopper (Minotaur Warper)             Turns: 2014, Time: 00:06:45

Health: -4/31      AC: 11    Str: 16    XL:     3   Next: 44%
Magic:  4/4        EV:  4    Int: 10    God:    Okawaru [......]
Gold:   117        SH:  2    Dex:  9    Spells: 0 memorised, 4 levels left

rFire  . . .     SeeInvis .     j - 2 scrolls of noise
rCold  . . .     Gourm    .     p - +1 plate armour
rNeg   . . .     Faith    .     (no shield)
rPois  .         Spirit   .     (helmet restricted)
rElec  .         Dismiss  .     (no cloak)
rCorr  .         Reflect  +     (no gloves)
SustAt .         Harm     .     (no boots)
MR     .....                    n - +2 amulet of reflection
Stlth  ..........               (no ring)
                                (no ring)

@: flying, very slightly contaminated, drained, not resistant to hostile
enchantments, extremely unstealthy
A: retaliatory headbutt, horns 2
a: Renounce Religion


You were on level 4 of the Dungeon.
You worshipped Okawaru.
Okawaru was noncommittal.
You were hungry.

You visited 1 branch of the dungeon, and saw 3 of its levels.

You collected 117 gold pieces.

Inventory:

Hand Weapons
 a - a +0 hand axe
Armour
 b - a +0 leather armour
 p - a +1 plate armour (worn)
Jewellery
 n - a +2 amulet of reflection (around neck)
 r - an uncursed amulet of harm
Scrolls
 j - 2 scrolls of noise (in hand)
 l - 3 scrolls of identify
Books
 c - a book of Spatial Translocations

   Spells                             Type                      Level
   a - Apportation                    Translocation                1
   b - Blink                          Translocation                2
   c - Shroud of Golubria             Charms/Translocation         2
   d - Portal Projectile              Translocation                3
   e - Teleport Other                 Translocation                3
   f - Passage of Golubria            Translocation                4
Comestibles
 f - 2 bread rations


   Skills:
 + Level 3.5(2.5) Fighting
 * Level 3.7(2.7) Axes
 - Level 1.0(0.1) Throwing
 - Level 1.6(0.7) Armour
 - Level 2.1(1.2) Dodging
 - Level 1.3(0.4) Spellcasting
   Level 2.1(1.2) Translocations


You had 4 spell levels left.
You didn't know any spells.

Dungeon Overview and Level Annotations

Branches:
Dungeon (2/15)

Altars:
Okawaru


Innate Abilities, Weirdness & Mutations

You reflexively headbutt those who attack you in melee.
You have a pair of horns on your head.


Message History

You closely miss the adder skeleton.
The worker ant bites you but does no damage.
The jackal bites you but does no damage.
The adder skeleton bites you but does no damage.
The worker ant bites you but does no damage.
The jackal bites you but does no damage.
You clumsily bash the adder skeleton but do no damage.
Your headbutt misses the adder skeleton.
The adder skeleton bites you but does no damage.
The jackal bites you.
* * * LOW HITPOINT WARNING * * *
The worker ant bites you but does no damage.
You block the adder skeleton's attack.
The jackal bites you but does no damage.
The worker ant bites you but does no damage.
You clumsily bash the adder skeleton but do no damage.
The jackal bites you but does no damage.
The adder skeleton bites you but does no damage.
The worker ant bites you.
You die...

*,* *****,**,**,*
****,**** *,**,**,*
*,,,,,,,* *,,,,,,,*
*,**,**,*
#######*,***,***
*,**,**,* #.....#*,*
*,*#### *,**,,,,*
#.....#*,***,*#...
*,****,,*
#Y....#**,,,**#...
*,****,,* #Zhh..# **,**
#... *,,,,,,,* #@aO.≈#
*,***#.## ******,**
#####.# *,,,*#.# *,*
#**#.# ***,*#.#
*,**####.##Z#####*,*#.#
*,,,%...........##.##.#
****##..!......O.....§#
*#.......#.........#*
*..........#........*
*#.......###...###...


You could see a sky beast, an ogre, a worker ant, 2 jackals and an adder
skeleton.

Vanquished Creatures
  2 adders
  2 giant geckos
  2 bats
  A goblin (D:1)
  5 hobgoblins
  4 jackals
  3 giant newts (D:2)
  3 kobolds (D:2)
  A quokka skeleton (D:4)
  3 rats
26 creatures vanquished.

Notes
Turn   | Place    | Note
--------------------------------------------------------------
     0 | D:1      | Demise101 the Minotaur Warper began the quest for the Orb.
     0 | D:1      | Reached XP level 1. HP: 18/18 MP: 1/1
  1181 | D:2      | Reached XP level 2. HP: 25/25 MP: 3/3
  1510 | D:2      | Found an iron altar of Okawaru.
  1560 | D:2      | Became a worshipper of Warmaster Okawaru
  1646 | D:2      | Found an iron altar of Okawaru.
  1654 | D:2      | Reached XP level 3. HP: 25/31 MP: 4/4
  1852 | D:2      | You fall through a shaft for 2 floors!
  1852 | D:4      | Noticed a sky beast
  1987 | D:4      | Noticed an ogre
  2009 | D:4      | HP: 1/31 [jackal (1)]
  2014 | D:4      | Slain by a worker ant

Vault maps used:
D:1:      mushboom_english_gardens, bh_walls_and_bars
D:2:      overflow_temple_1_default, okawaru_metal_pillars_1_2
D:4:      serial_shops, kennysheep_mini, first_bread

Skill      XL: |  1  2 |
---------------+-------+-----
Fighting       | 3 |  3.5
Axes           | 3 |  3.7
Throwing       | |  1.0
Armour         | |  1.6
Dodging        | |  2.1
Spellcasting   | |  1.3
Translocations | |  2.1

Action                   || total
-------------------------++-------
Melee: Hand axe          ||   109
Throw: Tomahawk          ||     5
  Use: Potion            ||     6
       Scroll            ||     7
 Stab: Invisible         ||     1
  Eat: Chunk             ||     3
